 Dungeon Crawl Stone Soup version 0.17-a0-1133-gfb1399f (webtiles) character file.

60 Hanyuu the Insei (level 4, 25/28 HPs)
             Began as an Octopode Transmuter on May 25, 2015.
             Quit the game on level 2 of the Dungeon.
             The game lasted 00:03:33 (2193 turns).

Hanyuu the Insei (Octopode Transmuter)              Turns: 2193, Time: 00:03:33

Health: 25/28      AC:  1    Str:  9    XL:     4   Next: 6%
Magic:  7/7        EV: 12    Int: 16    God:
Gold:   91         SH:  0    Dex: 12    Spells: 3 memorised, 1 level left

rFire  . . .     SeeInvis .       - Unarmed
rCold  . . .     Clarity  .     (no shield)
rNeg   . . .     SustAt   .     (helmet restricted)
rPois  .         Gourm    .     (no amulet)
rElec  .         Spirit   .     (no ring)
rCorr  .         Warding  .     (no ring)
rMut   .         Stasis   .     (no ring)
MR     .....                    (no ring)
Stlth  ++........               (no ring)
                                (no ring)
                                (no ring)
                                (no ring)

@: not resistant to hostile enchantments, unstealthy
A: almost no armour, amphibious, 8 rings, constrict 8, camouflage 1, gelatinous
body 1
a: no special abilities


You were on level 2 of the Dungeon.
You were not hungry.

You visited 1 branch of the dungeon, and saw 2 of its levels.

You collected 91 gold pieces.

Inventory:

Missiles
 a - 24 arrows
Scrolls
 d - a scroll of teleportation {unknown}
 h - 3 scrolls of identify {unknown}
 k - 2 scrolls of immolation {unknown}
 l - a scroll of noise {unknown}
Potions
 e - 2 potions of heal wounds {unknown}
 f - a potion of might {unknown}
 i - 2 potions of curing {unknown}
 j - a potion of agility {unknown}
 m - a potion of cancellation {unknown}
Books
 b - a book of Changes

   Spells                             Type                      Level
   a - Beastly Appendage              Transmutation                1
   b - Sticks to Snakes               Transmutation                2
   c - Spider Form                    Transmutation/Poison         3
   d - Ice Form                       Ice/Transmutation            4
   e - Blade Hands                    Transmutation                5
Comestibles
 c - 2 bread rations
 g - 2 chunks of flesh


   Skills:
 - Level 1.0 Fighting
 - Level 2.0 Dodging
 * Level 4.6 Unarmed Combat
 - Level 2.0 Spellcasting
 + Level 2.2 Transmutations


You had one spell level left.
You knew the following spells:

 Your Spells              Type           Power        Failure   Level  Hunger
a - Beastly Appendage     Trmt           #.....       10%         1    #......
b - Sticks to Snakes      Trmt           #.........   14%         2    ###....
c - Spider Form           Trmt/Pois      #.........   38%         3    ###....


Dungeon Overview and Level Annotations

Branches:
Dungeon (2/15)

Altars:
Elyvilon
Okawaru
Qazlal
Xom
Zin


Innate Abilities, Weirdness & Mutations

You cannot wear most types of armour.
You are amphibious.
You can wear up to eight rings at the same time.
You can use your tentacles to constrict eight enemies at once.
Your skin changes colour to match your surroundings (Stealth).
Your rubbery body absorbs attacks (AC +1).


Message History

There is an open door here.
The bat barely misses you.
You miss the bat. You grab the bat. You squeeze the bat.
The bat is heavily wounded.
You constrict the bat. The bat completely misses you.
The bat struggles to escape constriction. x2
You tentacle-slap the bat.
You kill the bat!
You barely miss the quokka. Your grab misses the quokka. The quokka bites you.
You tentacle-slap the quokka. Your grab misses the quokka.
You squeeze the quokka.
You kill the quokka!
No target in view!
You see here a quokka corpse.
You butcher the quokka corpse.
g - 2 chunks of flesh
There is an open door here.
Done exploring.
Done exploring.
Are you sure you want to abandon this character and quit the game? (Confirm with "yes".)

##.## #..##.#...##.# ##...## #.#
##.##.##.##..# ##.....## ##.##
#.##....#..## ##.......#
###...####.#####....####.........
.......................'.........
###...####.####.....####.........
##.## #.# #.#..## ##.......# #.#
#.# #...## ##.....## #.#####.#
#.@## ##...## #....##.# #..#
##'## ####.##.# #..# #.# #.##.#
#..# #.# #.##.# #..# ##.## #.##.#
#.## ###...### #.##.####.###
#........
#.##........#######.#...#.#
#######.##..###...........##.##.#


There were no monsters in sight!

Vanquished Creatures
  2 adders (D:2)
  A worm (D:2)
  4 giant cockroaches (D:1)
  7 hobgoblins
  4 kobolds
  A quokka (D:2)
  2 ball pythons
  7 bats
  6 giant newts (D:1)
  2 goblins (D:1)
  5 rats
41 creatures vanquished.

Notes
Turn   | Place    | Note
--------------------------------------------------------------
     0 | D:1      | Hanyuu the Octopode Transmuter began the quest for the Orb.
     0 | D:1      | Reached XP level 1. HP: 13/13 MP: 3/3
     8 | D:1      | Noticed a wyvern
     8 | D:1      | Noticed a polar bear
   292 | D:1      | Reached XP level 2. HP: 1/18 MP: 5/5
   826 | D:1      | Reached skill level 4 in Unarmed Combat
   959 | D:1      | Reached XP level 3. HP: 23/23 MP: 6/6
   963 | D:1      | Learned a level 2 spell: Sticks to Snakes
   967 | D:1      | Learned a level 3 spell: Spider Form
  1366 | D:2      | Found an iron altar of Okawaru.
  1368 | D:2      | Found a shimmering altar of Xom.
  1368 | D:2      | Found a stormy altar of Qazlal.
  1373 | D:2      | Found a glowing silver altar of Zin.
  1373 | D:2      | Found a white marble altar of Elyvilon.
  1890 | D:2      | Reached XP level 4. HP: 13/28 MP: 5/7
  2193 | D:2      | Quit the game

Vault maps used:
D:1:      onia_arrival_zoo_common, minmay_newt_pond
D:2:      wad_pebble_path, grunt_temple_overflow_open, first_bread

Action                   |  1- 3 |  4- 6 || total
-------------------------+-------+-------++-------
Melee: Unarmed           |    84 |     6 ||    90
 Cast: Beastly Appendage |     2 |       ||     2
 Stab: Sleeping          |     4 |       ||     4
  Eat: Chunk             |     2 |       ||     2
       Bread ration      |       |     1 ||     1
